AoeStats
← kraquen

Arena

510629981Analyzed
4v4 RM · 1d ago on Oct 1, 2026· 45m 24s· 8 players
Game mode
Random Map
Map size
Large (8 player)
Population
200
Speed
Normal
Resources
Standard
Victory
Conquest
Starting age
Dark Age
Ending age
Imperial Age
RankedLock teamsTeams togetherTeam positionsShared explorationLock speedFull tech treeHidden civsTurbo modeCheats
Victory
Defeat
🇦🇷 Italians · Argentina
1301
+12
🇦🇷 Turks · Argentina
1220
+16
🇦🇷 Persians · Argentina
1216
+17
🇦🇷 Vietnamese · Argentina
1204
+16
🇺🇸 Mongols · United States
1226
-16
🇺🇸 Spanish · United States
1225
-15
🇲🇽 Italians · Mexico
1210
-15
🇵🇪 Malians · Peru
1202
-15
BuFu1
10:54 Feudal Age
15:01 Castle Age
13:18 Double-Bit Axe
13:27 Gold Mining
13:36 Stone Mining
16:31 Loom
18:40 Wheelbarrow
23:06 Horse Collar
24:00 Bow Saw
24:51 Fletching
25:25 Hand Cart
25:28 Padded Archer Armor
25:31 Bodkin Arrow
27:04 Ballistics
26:48 Padded Archer Armor
27:30 Gold Shaft Mining
28:21 Leather Archer Armor
31:45 Imperial Age
30:08 Stone Shaft Mining
29:59 Bloodlines
29:59 Husbandry
30:55 Thumb Ring
32:51 Conscription
33:23 Parthian Tactics
33:22 Bracer
34:12 Elite Mangudai
36:18 Chemistry
zaackvader10
11:51 Feudal Age
15:55 Castle Age
14:09 Double-Bit Axe
21:07 Imperial Age
22:06 Wheelbarrow
21:19 Loom
22:54 Chemistry
22:51 Horse Collar
33:01 Padded Archer Armor
35:54 Wheelbarrow
39:44 Pirotechnia
X Saint
9:49 Feudal Age
11:57 Horse Collar
12:09 Double-Bit Axe
16:39 Castle Age
17:13 Loom
28:35 Bow Saw
29:42 Sanctity
33:09 Redemption
34:05 Pikeman
35:39 Forging
35:29 Scale Mail Armor
38:22 Iron Casting
38:02 Chain Mail Armor
42:25 Imperial Age
kraquen
11:09 Feudal Age
15:39 Castle Age
13:42 Horse Collar
14:18 Double-Bit Axe
17:35 Wheelbarrow
21:29 Scale Barding Armor
21:58 Loom
23:06 Bloodlines
25:35 Chain Barding Armor
26:09 Gold Mining
26:37 Heavy Plow
28:05 Hand Cart
31:28 Forging
34:42 Iron Casting
37:54 Imperial Age
38:08 Husbandry
39:13 Plate Barding Armor
38:18 Cavalier
38:29 Cavalier
42:50 Elite Skirmisher
44:35 Chemistry
ThomasShelby
11:38 Feudal Age
12:26 Double-Bit Axe
12:41 Horse Collar
15:31 Castle Age
15:14 Loom
20:08 Bow Saw
21:54 Wheelbarrow
25:27 Forging
27:34 Scale Barding Armor
27:42 Bloodlines
30:47 Imperial Age
29:58 Chain Barding Armor
30:39 Cavalier
34:11 Plate Barding Armor
34:26 Iron Casting
38:13 Blast Furnace
39:57 Fletching
40:30 Padded Archer Armor
40:07 Elite Skirmisher
40:40 Crossbowman
41:32 Bodkin Arrow
42:13 Ballistics
43:29 Savar
45:46 Husbandry
46:05 Leather Archer Armor
The Babuino1162
11:50 Feudal Age
13:01 Double-Bit Axe
15:47 Castle Age
17:06 Bow Saw
17:44 Husbandry
21:53 Loom
21:54 Horse Collar
22:42 Gold Mining
24:55 Wheelbarrow
24:37 Bloodlines
25:36 Hand Cart
25:23 Heavy Plow
25:28 Town Watch
28:22 Scale Barding Armor
28:28 Forging
29:29 Chain Barding Armor
32:20 Imperial Age
32:08 Iron Casting
31:46 Chatras
34:28 Two-Man Saw
34:08 Plate Barding Armor
33:30 Treadmill Crane
35:18 Crop Rotation
36:31 Elite Battle Elephant
38:06 Paper Money
39:05 Devotion
40:15 Light Cavalry
41:30 Faith
45:22 Town Patrol
Gus_Fring
8:15 Loom
10:42 Feudal Age
12:25 Double-Bit Axe
14:59 Castle Age
20:21 Fletching
22:05 Padded Archer Armor
22:19 Gold Mining
27:38 Horse Collar
32:47 Imperial Age
30:45 Heavy Plow
30:51 Stone Mining
35:05 Leather Archer Armor
monk
11:21 Feudal Age
15:03 Castle Age
15:49 Double-Bit Axe
16:28 Fletching
16:29 Horse Collar
16:43 Gold Mining
18:21 Bodkin Arrow
20:08 Bow Saw
22:27 Heavy Plow
22:26 Stone Mining
24:26 Padded Archer Armor
28:29 Imperial Age
27:31 Leather Archer Armor
28:24 Ballistics
28:59 Stone Shaft Mining
29:15 Bracer
30:44 Chemistry
30:36 Wheelbarrow
29:47 Town Watch
32:05 Ring Archer Armor
33:27 Two-Man Saw
34:01 Conscription
36:27 Elite Genoese Crossbowman
39:43 Loom
39:59 Town Patrol
44:14 Hand Cart
Connection lost

Rejoining the realm…

Still unreachable

The connection could not be restored.

Session expired

The server has moved on; the page needs a fresh start.